[Event "Titled Tuesday Blitz February 15 Late 2022"]
[White "Medeiros Jr, Francisco De Assis"]
[Black "Petrovic, Aleksa"]
[WhiteFideId "2114267"]
[BlackFideId "967629"]
[WhiteElo "1998"]
[BlackElo "2139"]
[Result "0-1"]
[Round "09"]
[TimeControl "180+1"]
[Date "2022.02.16"]
[WhiteClock "0:00:03"]
[BlackClock "0:00:11"]

1. d4 Nf6 2. Nf3 d5 3. Bg5 Ne4 4. Bf4 Nd7 5. Nbd2 Ndf6 6. e3 g6 7. Bd3 Bg7 8. O-O O-O 9. c4 c6 10. Rc1 b6 11. Qb3 Nxd2 12. Nxd2 Be6 13. h3 dxc4 14. Bxc4 Nd5 15. Bg3 b5 16. Bxd5 Bxd5 17. Qa3 a5 18. b3 b4 19. Qb2 a4 20. Nc4 axb3 21. axb3 Ra6 22. Ra1 Qa8 23. Rxa6 Qxa6 24. Ra1 Qb7 25. f3 Ra8 26. Rxa8+ Qxa8 27. Be5 Bxc4 28. Bxg7 Qa3 29. d5 f6 30. Bxf6 exf6 31. Qxf6 Qc1+ 32. Kh2 Bxd5 33. Qd8+ Kf7 34. Qd7+ Kf6 35. Qd6+ Kg7 36. Qe7+ Bf7 37. Qe5+ Kf8 38. Qd6+ Ke8 39. Qb8+ Ke7 40. Qc7+ Ke6 41. Qc8+ Kd6 42. Qd8+ Kc5 43. Qe7+ Kb5 44. Qxf7 Qxe3 45. Qc4+ Ka5 46. Qxc6 Qe5+ 47. Kg1 Qc3 48. Qd5+ Kb6 49. Qd6+ Kb5 50. Qd5+ Qc5+ 51. Qxc5+ Kxc5 52. f4 Kd4 53. g4 Ke4 54. Kg2 Kxf4 55. Kf2 Ke4 56. Ke2 g5 57. Kd2 Kd4 58. Kc2 Ke3 59. Kb2 Kd2 60. Ka2 Kc2 61. Ka1 Kxb3 0-1


[Site "https://www.chess.com"]

[Event "Titled Tuesday Blitz February 15 Late 2022"]
[White "Mirzoev, Azer"]
[Black "Zierk, Steven"]
[WhiteFideId "13400304"]
[BlackFideId "2034255"]
[WhiteElo "2525"]
[BlackElo "2494"]
[Result "1/2-1/2"]
[Round "09"]
[TimeControl "180+1"]
[Date "2022.02.15"]
[WhiteClock "0:00:05"]
[BlackClock "0:00:04"]

1. d4 d5 2. Nf3 Nf6 3. Bf4 c5 4. e3 e6 5. c3 Bd6 6. Nbd2 O-O 7. Bd3 cxd4 8. Bxd6 Qxd6 9. exd4 Nbd7 10. O-O b6 11. Re1 Bb7 12. Ne5 a5 13. Qe2 a4 14. a3 Qc7 15. Rad1 Nxe5 16. dxe5 Nd7 17. Nf3 h6 18. Nd4 Nc5 19. Bb1 Ba6 20. Qc2 g6 21. Qd2 Kg7 22. Re3 Nb3 23. Nxb3 axb3 24. Rde1 Bb5 25. Rh3 Rh8 26. Rg3 Ra4 27. h3 Qe7 28. Qd1 Bc4 29. Qd4 b5 30. Qd2 Rd8 31. Rg4 d4 32. Rxd4 Rxd4 33. Qxd4 Bd5 34. Qe3 Qh4 35. Bd3 Bc4 36. Be4 Qg5 37. Qxg5 hxg5 38. Rd1 Kf8 39. Rd4 Ke7 40. f3 Ra7 41. Kf2 Rc7 42. Ke3 Rc5 43. f4 gxf4+ 44. Kxf4 g5+ 45. Kxg5 Rxe5+ 46. Kf4 Rc5 47. Ke3 f5 48. Bf3 e5 49. Rd2 Kf6 50. h4 f4+ 51. Ke4 Be6 52. Rd6 Ke7 53. Rb6 Bd5+ 54. Kf5 e4 55. Bxe4 Ba8+ 56. Kxf4 Rc4 57. Rxb5 Bxe4 58. Kg3 Bc2 59. h5 Kf7 60. h6 Re4 61. Rb6 Re1 62. a4 Rb1 63. a5 Rxb2 64. a6 Ra2 65. Rb7+ Kf6 66. a7 Be4 67. Rxb3 Rxa7 68. Kf4 Bxg2 69. Rb6+ Kf7 70. c4 Ra4 71. Kg5 Ra5+ 72. Kf4 Rh5 73. Kg4 Rh1 74. Kg5 Be4 75. Rf6+ Kg8 76. Re6 Bd3 77. c5 Rg1+ 78. Kf4 Rc1 79. c6 Bb5 80. Re8+ Kh7 81. Re7+ Kxh6 82. c7 Kg6 83. Ke5 Bf1 84. Kd6 Bh3 85. Re8 Bf5 86. Rf8 Rd1+ 87. Kc6 Rc1+ 88. Kd6 Kg5 89. Rxf5+ Kxf5 90. Kd7 Rd1+ 91. Ke7 Rc1 92. Kd7 Rxc7+ 93. Kxc7 1/2-1/2


[Site "https://www.chess.com"]

[Event "Titled Tuesday Blitz February 15 Late 2022"]
[White "Miszler, Levente"]
[Black "Janaszak, Dawid"]
[WhiteFideId "763276"]
[BlackFideId "1119206"]
[WhiteElo "1966"]
[BlackElo "2199"]
[Result "1-0"]
[Round "09"]
[TimeControl "180+1"]
[Date "2022.02.16"]
[WhiteClock "0:00:48"]
[BlackClock "0:00:46"]

1. Nf3 c5 2. c4 g6 3. Nc3 Bg7 4. g3 Nc6 5. Bg2 d6 6. O-O e5 7. a3 Nge7 8. Rb1 Be6 9. d3 a5 10. Ne1 d5 11. cxd5 Nxd5 12. Nxd5 Bxd5 13. Bxd5 Qxd5 14. Nc2 O-O 15. b4 cxb4 16. axb4 a4 17. b5 Na5 18. Ba3 Rfc8 19. Ne3 Qa2 20. Bb4 Nb3 21. Nc4 Rxc4 22. dxc4 Nd4 23. e3 Nc2 24. Bc3 Qxc4 25. Qxc2 Rc8 26. Rfc1 e4 27. Rb4 Qc5 28. Rxa4 Bxc3 29. Qb3 Rc7 30. Ra3 Qh5 31. Rxc3 Rxc3 32. Qxc3 Qd1+ 33. Kg2 Qf3+ 34. Kf1 Qd1+ 35. Qe1 Qd3+ 36. Rxd3 1-0


[Site "https://www.chess.com"]

[Event "Titled Tuesday Blitz February 15 Late 2022"]
[White "Moral Garcia, Serafin"]
[Black "Adewumi, Tanitoluwa"]
[WhiteFideId "2201925"]
[BlackFideId "30966396"]
[WhiteElo "2228"]
[BlackElo "2533"]
[Result "1-0"]
[Round "09"]
[TimeControl "180+1"]
[Date "2022.02.16"]
[WhiteClock "0:00:22"]
[BlackClock "0:00:04"]

1. e4 e6 2. d4 d5 3. Nd2 Nf6 4. e5 Nfd7 5. c3 c5 6. Bd3 Nc6 7. Ne2 Qb6 8. Nf3 cxd4 9. cxd4 f6 10. exf6 Nxf6 11. O-O Bd6 12. b3 O-O 13. Bf4 Bxf4 14. Nxf4 Ne4 15. Ne2 Bd7 16. Qc1 Nb4 17. Bxe4 dxe4 18. Ng5 Bb5 19. Qd2 Bd3 20. Ng3 Bxf1 21. Rxf1 Rae8 22. N5xe4 Nc6 23. Rd1 Rd8 24. Qg5 Nxd4 25. Re1 Rd5 26. Qg4 Nf5 27. Nh5 Kh8 28. h3 Qb4 29. Rc1 Rd4 30. f3 g6 31. Nf4 Qb6 32. Kh1 Kg7 33. Rc7+ Rf7 34. Nh5+ Kf8 35. Rc8+ Rd8 36. Rxd8+ Qxd8 37. Nf4 Qd1+ 38. Kh2 Qd7 39. Ng5 Re7 40. h4 Qc7 41. Kh3 Ne3 42. Nfxe6+ Kg8 43. Qe4 Qd7 44. Qxe3 h6 45. Qe4 hxg5 46. Qxg6+ Kh8 47. Qf6+ Kh7 48. Qf5+ Kg8 49. Qg6+ Kh8 50. Qh6+ Kg8 51. Qxg5+ Kf7 52. Qf5+ Kg8 53. Qg4+ Kh8 54. Ng5 Qxg4+ 55. Kxg4 Re2 56. g3 Rxa2 57. Ne4 Rb2 58. Nc5 b6 59. Ne6 Rxb3 60. f4 a5 61. h5 a4 62. f5 a3 63. f6 Kg8 64. h6 Rb4+ 65. Kh5 a2 66. Ng5 a1=Q 67. f7+ Kf8 68. Kg6 Qf6+ 69. Kxf6 Rg4 70. Ne6# 1-0


[Site "https://www.chess.com"]

[Event "Titled Tuesday Blitz February 15 Late 2022"]
[White "Moroni, Luca Jr"]
[Black "Moskalenko, Alexander"]
[WhiteFideId "865834"]
[BlackFideId "4155351"]
[WhiteElo "2573"]
[BlackElo "2515"]
[Result "0-1"]
[Round "09"]
[TimeControl "180+1"]
[Date "2022.02.15"]
[WhiteClock "0:00:33"]
[BlackClock "0:01:31"]

1. d4 e6 2. c4 Bb4+ 3. Bd2 a5 4. Nf3 f5 5. Nc3 Nf6 6. e3 O-O 7. Be2 b6 8. O-O Bb7 9. a3 Bxc3 10. Bxc3 Ne4 11. Be1 a4 12. Nd2 Nxd2 13. Qxd2 d6 14. f3 Nd7 15. Rc1 Qe7 16. d5 Nc5 17. dxe6 Nb3 18. Qc3 Nxc1 19. Qxc1 Qxe6 20. Bf2 Rfe8 21. Re1 Ba6 22. Bf1 Bb7 23. Rd1 Bc6 24. Rd4 Ra5 25. Qc3 Re5 26. Rf4 g6 27. h4 Rxe3 28. Qd2 Re1 29. c5 bxc5 30. h5 Bb5 31. Bxe1 Qxe1 32. Qd5+ Kg7 33. h6+ Kf6 34. Kh2 Qxf1 35. Qb7 Re2 0-1


[Site "https://www.chess.com"]

[Event "Titled Tuesday Blitz February 15 Late 2022"]
[White "Musovic, Armin"]
[Black "Indjic, Aleksandar"]
[WhiteFideId "939935"]
[BlackFideId "911925"]
[WhiteElo "2250"]
[BlackElo "2616"]
[Result "0-1"]
[Round "09"]
[TimeControl "180+1"]
[Date "2022.02.15"]
[WhiteClock "0:02:01"]
[BlackClock "0:01:05"]

1. e4 c6 2. d4 d5 3. exd5 cxd5 4. c4 Nf6 5. Nc3 Nc6 6. Nf3 Be6 7. c5 g6 8. h3 Bg7 9. Bd3 Bf5 10. O-O Ne4 11. Bb5 O-O 12. Re1 a6 13. Ba4 h6 14. Bf4 g5 15. Bh2 e6 16. a3 Rc8 17. Bc2 Nxc3 18. bxc3 Bxc2 19. Qxc2 b6 20. Bd6 Re8 21. Qa4 bxc5 22. Bxc5 Qa5 23. Qxa5 Nxa5 24. Rab1 Bf8 25. Bb4 Nc4 26. Kf1 Nxa3 27. Ra1 Bxb4 28. cxb4 Nc2 29. Rxa6 Nxe1 30. Kxe1 Ra8 31. Rd6 Red8 32. Rc6 Rdc8 33. Rb6 Rcb8 0-1


[Site "https://www.chess.com"]

[Event "Titled Tuesday Blitz February 15 Late 2022"]
[White "Namitbir Singh Walia"]
[Black "Koziorowicz, Michal"]
[WhiteFideId "35071068"]
[BlackFideId "21809194"]
[WhiteElo "1479"]
[BlackElo "2166"]
[Result "0-1"]
[Round "09"]
[TimeControl "180+1"]
[Date "2022.02.16"]
[WhiteClock "0:00:06"]
[BlackClock "0:00:52"]

1. d4 e6 2. c4 b6 3. Nf3 Bb7 4. g3 f5 5. Bg2 Nf6 6. O-O Be7 7. b3 O-O 8. Bb2 Qe8 9. Nbd2 d5 10. Ne5 Nbd7 11. Rc1 c6 12. Ndf3 Ne4 13. Nxd7 Qxd7 14. Ne5 Qe8 15. f3 Nf6 16. Qd2 Nd7 17. Rfd1 Nxe5 18. dxe5 Rc8 19. f4 Qd7 20. e4 fxe4 21. Bxe4 Bc5+ 22. Kh1 a5 23. Qd3 h6 24. Bh7+ Kh8 25. Bg6 Qe7 26. h3 Rcd8 27. Kh2 Ba3 28. Bxa3 Qxa3 29. Rc2 a4 30. f5 exf5 31. e6 axb3 32. axb3 Qe7 33. Bxf5 dxc4 34. Qe2 Rxd1 35. Qxd1 Rxf5 36. Re2 Bc8 37. Qc2 Rf6 38. Qxc4 Rxe6 39. Rf2 Rf6 40. Re2 Qf8 41. Qd4 c5 42. Qe3 Re6 43. Rf2 Rxe3 44. Rxf8+ Kh7 45. Rxc8 Rxb3 46. Kg2 Kg6 47. Kf2 Kf6 48. Rc7 g6 49. g4 Kg5 50. Kg2 h5 51. gxh5 Kxh5 52. Rc6 Kg5 53. h4+ Kh5 54. Kf2 Rb4 55. Ke3 c4 56. Kd4 b5 57. Kc3 Rb3+ 58. Kc2 Rf3 59. Rc5+ Rf5 60. Rxb5 Rxb5 0-1


[Site "https://www.chess.com"]

[Event "Titled Tuesday Blitz February 15 Late 2022"]
[White "Nazaretyan, Tigran"]
[Black "Holt, Conrad"]
[WhiteFideId "24162345"]
[BlackFideId "2034387"]
[WhiteElo "2192"]
[BlackElo "2586"]
[Result "1-0"]
[Round "09"]
[TimeControl "180+1"]
[Date "2022.02.15"]
[WhiteClock "0:00:17"]
[BlackClock "0:00:04"]

1. d4 d5 2. c4 c6 3. Nf3 Nf6 4. Nc3 dxc4 5. a4 Bf5 6. e3 e6 7. Bxc4 Bb4 8. O-O O-O 9. Qe2 Nbd7 10. e4 Bg4 11. Rd1 Qa5 12. e5 Nd5 13. Ne4 f6 14. exf6 N7xf6 15. Neg5 h6 16. h3 Bh5 17. Qxe6+ Kh8 18. g4 Be8 19. Ne4 Bd7 20. Qe5 Rae8 21. Nxf6 Rxe5 22. Nxd7 Rxf3 23. Nxe5 Rf6 24. g5 hxg5 25. Bxg5 Rf5 26. h4 Bd6 27. Bd3 Rxg5+ 28. hxg5 Bxe5 29. dxe5 Qd8 30. f4 Nxf4 31. Kf2 Qxg5 32. Rh1+ Kg8 33. Bc4+ Kf8 34. Rag1 Qxe5 35. Rh8+ Ke7 36. Re1 1-0


[Site "https://www.chess.com"]

[Event "Titled Tuesday Blitz February 15 Late 2022"]
[White "Niemann, Hans Moke"]
[Black "Grigorov, Grigor"]
[WhiteFideId "2093596"]
[BlackFideId "2907313"]
[WhiteElo "2636"]
[BlackElo "2510"]
[Result "1-0"]
[Round "09"]
[TimeControl "180+1"]
[Date "2022.02.15"]
[WhiteClock "0:00:03"]
[BlackClock "0:00:01"]

1. d4 Nf6 2. Nc3 d5 3. Bf4 e6 4. Nb5 Na6 5. e3 Be7 6. Nf3 O-O 7. c4 c5 8. Nc3 cxd4 9. exd4 Nb4 10. c5 Ne4 11. Be2 b6 12. a3 Nxc3 13. bxc3 Nc6 14. cxb6 axb6 15. O-O Ba6 16. a4 Bxe2 17. Qxe2 Na5 18. Rfb1 Nc4 19. Ne5 Nxe5 20. Bxe5 Qd7 21. Qb5 Qxb5 22. Rxb5 Ra6 23. Bc7 Bd8 24. Bd6 Re8 25. Kf1 h6 26. Ke2 Be7 27. Bc7 Rea8 28. Rxb6 Rxa4 29. Rxa4 Rxa4 30. Be5 Ra7 31. Bg3 h5 32. h3 h4 33. Bf4 g5 34. Be3 Kg7 35. Kf3 Rc7 36. Rb3 Kg6 37. Kg4 f5+ 38. Kf3 Rc6 39. Ke2 Bf6 40. Kd3 g4 41. Rb8 gxh3 42. gxh3 Ra6 43. Ke2 Ra1 44. Kf3 Ra3 45. Rc8 Be7 46. Rc6 Kf7 47. Bc1 Ra7 48. Bf4 Rb7 49. Be5 Bg5 50. Kg2 Ra7 51. Rc8 Bd2 52. Rh8 Ra2 53. Rxh4 Bxc3 54. Rh7+ Ke8 55. Kf3 Be1 56. Kf4 Bd2+ 57. Kg3 Be1 58. Kf4 Bd2+ 59. Kf3 Be1 60. Bg3 f4 61. Bh4 Ra4 62. Bf6 Bc3 63. Re7+ Kf8 64. Rxe6 Kf7 65. Rc6 Bxd4 66. Bg5 Ra3+ 67. Kg4 Bxf2 68. Kf5 f3 69. Rf6+ Ke8 70. Kg6 Bd4 71. Rf5 f2 72. Rxd5 Bb6 73. Re5+ 1-0


[Site "https://www.chess.com"]

[Event "Titled Tuesday Blitz February 15 Late 2022"]
[White "Osmonbekov, Talaibek"]
[Black "Pinheiro, Iung Alicio de O."]
[WhiteFideId "2017253"]
[BlackFideId "2104350"]
[WhiteElo "2135"]
[BlackElo "2612"]
[Result "0-1"]
[Round "09"]
[TimeControl "180+1"]
[Date "2022.02.16"]
[WhiteClock "0:00:01"]
[BlackClock "0:00:16"]

1. d4 Nf6 2. Nc3 d5 3. Bf4 g6 4. e3 Bg7 5. h4 h5 6. Nf3 O-O 7. Qd2 c5 8. Ne5 cxd4 9. exd4 Nc6 10. Nxc6 bxc6 11. Be5 Qa5 12. Bd3 Kh7 13. a3 c5 14. dxc5 Qxc5 15. Ne2 Ne4 16. Bxe4 Bxe5 17. Qxd5 Qxd5 18. Bxd5 Rb8 19. Rb1 Bxb2 20. O-O Ba6 21. Rfe1 e6 22. Bf3 Rfc8 23. Be4 Rb6 24. Nf4 Kg7 25. a4 Rcb8 26. Red1 Be5 27. Rxb6 Rxb6 28. Nd3 Bc3 29. Nc5 Bc4 30. Rd7 Rb1+ 31. Kh2 Be5+ 32. g3 Re1 33. Bf3 Rc1 34. Be4 a5 0-1


[Site "https://www.chess.com"]

[Event "Titled Tuesday Blitz February 15 Late 2022"]
[White "Petrova, Irina"]
[Black "Dovbnia, Nikita"]
[WhiteFideId "14124122"]
[BlackFideId "54104599"]
[WhiteElo "1988"]
[BlackElo "2111"]
[Result "1-0"]
[Round "09"]
[TimeControl "180+1"]
[Date "2022.02.16"]
[WhiteClock "0:00:28"]
[BlackClock "0:00:13"]

1. e4 c5 2. Nf3 Nc6 3. Bb5 g6 4. Bxc6 bxc6 5. d3 Bg7 6. O-O Nf6 7. h3 O-O 8. Re1 d6 9. c3 Nd7 10. b3 d5 11. e5 e6 12. Ba3 Re8 13. c4 Qc7 14. Bb2 Bb7 15. Qe2 a5 16. Nc3 d4 17. Na4 Bf8 18. Ba3 Rab8 19. Ng5 h6 20. Ne4 Qxe5 21. Bxc5 Nxc5 22. Nexc5 Qxe2 23. Rxe2 Bc8 24. Rae1 Bd6 25. Ne4 Be7 26. f4 f5 27. Nec5 Kf7 28. Nxe6 Bb4 29. Ng5+ hxg5 30. Rxe8 Bxe1 31. Rxe1 gxf4 32. Nc5 Kf6 33. Kf2 g5 34. Kf3 g4+ 35. hxg4 fxg4+ 36. Kxf4 Bf5 37. Re5 Bg6 38. Re6+ Kf7 39. Rxc6 Re8 40. Rc7+ Kf6 41. Ne4+ Bxe4 42. dxe4 Rd8 43. e5+ Ke6 44. Rc6+ Ke7 45. Rd6 Rxd6 46. exd6+ Kxd6 47. Ke4 Kc5 48. g3 a4 49. Kd3 axb3 50. axb3 Kb4 51. Kd2 Kxb3 52. c5 Kb4 53. c6 Kb5 54. c7 Kb6 55. c8=Q Kb5 56. Qd7+ Kc4 57. Qc6+ Kb4 58. Kd3 1-0


[Site "https://www.chess.com"]

[Event "Titled Tuesday Blitz February 15 Late 2022"]
[White "Pichot, Alan"]
[Black "Loay, Sameer"]
[WhiteFideId "110973"]
[BlackFideId "8104239"]
[WhiteElo "2543"]
[BlackElo "2040"]
[Result "1-0"]
[Round "09"]
[TimeControl "180+1"]
[Date "2022.02.15"]
[WhiteClock "0:01:50"]
[BlackClock "0:01:20"]

1. d4 Nf6 2. Nf3 g6 3. c3 Bg7 4. Bf4 O-O 5. h3 d6 6. Bh2 Nbd7 7. e3 b6 8. a4 a6 9. Nbd2 Bb7 10. a5 b5 11. c4 bxc4 12. Bxc4 c5 13. O-O Rc8 14. Qe2 cxd4 15. exd4 Nb8 16. Rfe1 Re8 17. Bxf7+ Kh8 18. Bxe8 Qxe8 19. Qxe7 Qxe7 20. Rxe7 Bc6 21. Bxd6 Nd5 22. Ra7 Bb5 23. Ra8 1-0


[Site "https://www.chess.com"]

[Event "Titled Tuesday Blitz February 15 Late 2022"]
[White "Pinto, Daniel"]
[Black "Araujo Filho, Luiz Antonio Coel"]
[WhiteFideId "3303144"]
[BlackFideId "2130661"]
[WhiteElo "1938"]
[BlackElo "2216"]
[Result "1/2-1/2"]
[Round "09"]
[TimeControl "180+1"]
[Date "2022.02.16"]
[WhiteClock "0:00:21"]
[BlackClock "0:00:12"]

1. e4 c6 2. Nf3 d5 3. Nc3 dxe4 4. Nxe4 Nf6 5. Nxf6+ exf6 6. d4 Bd6 7. Bd3 O-O 8. O-O Re8 9. c3 Nd7 10. h3 Nf8 11. Bc2 Be6 12. Nh4 Qd7 13. Qh5 Bxh3 14. Nf5 Bxf5 15. Bxf5 Qc7 16. Bd3 Re7 17. Qf3 Rae8 18. Bd2 a6 19. Rfe1 Rxe1+ 20. Rxe1 Rxe1+ 21. Bxe1 Qe7 22. Bd2 Ne6 23. g3 Ng5 24. Qf5 Qe6 25. Bxg5 Qxf5 26. Bxf5 fxg5 27. Bc8 b6 28. Bxa6 Kf8 29. b4 Ke7 30. Bb7 Kd7 31. a4 f5 32. a5 bxa5 33. bxa5 Kc7 34. Ba8 Ba3 35. c4 Bb4 36. a6 Kb6 37. a7 c5 38. dxc5+ Bxc5 39. Be4 Kxa7 40. Bxf5 h6 41. Kg2 Kb6 42. Be4 Kc7 43. f3 Kd6 44. Kh3 Ke5 45. Kg4 Kf6 46. Kh5 Bd4 47. Bd5 Bf2 48. Kg4 Bc5 49. Be4 Bd4 50. Kh3 Bc5 51. Kg2 Ke5 52. Kf1 Kd4 53. Bd5 Ke3 54. Kg2 h5 55. Kh3 Be7 56. Bf7 h4 57. gxh4 gxh4 58. Bd5 Kf4 59. Bb7 g5 60. Bc6 Bd8 61. Bd5 Be7 62. Bc6 Bd6 63. Be4 Be7 64. Bd5 Bd6 65. Kg2 Be7 66. Be6 Bd6 67. Bg4 Be7 68. Kf1 Bd6 69. Kg2 Be7 70. Bh3 Bd6 71. Bc8 Bc5 72. Bg4 Bd6 73. c5 Bxc5 74. Bh3 Bd6 75. Bd7 Ke3 76. Bc6 Kf4 77. Kh3 Bc7 78. Bd5 Bd8 79. Bb7 Be7 80. Bc6 Bd8 81. Bb7 Bc7 82. Bc6 Ba5 83. Ba8 Bd2 84. Bc6 Be1 85. Bb7 Bg3 86. Bc6 Bf2 87. Bb7 Bd4 88. Bc6 Bf6 89. Bb7 Ke3 90. Bc6 Kf2 91. Bb7 Kg1 92. Bc6 Kf2 93. Bb7 Ke3 94. Bc6 Kf4 95. Bb7 Be7 96. Bc6 Bd6 97. Bb7 Ke5 98. Ba8 Kf4 99. Bb7 Be7 1/2-1/2


[Site "https://www.chess.com"]

[Event "Titled Tuesday Blitz February 15 Late 2022"]
[White "Prohorov, Olexandr"]
[Black "Mogranzini, Roberto"]
[WhiteFideId "14105578"]
[BlackFideId "810894"]
[WhiteElo "1993"]
[BlackElo "2469"]
[Result "0-1"]
[Round "09"]
[TimeControl "180+1"]
[Date "2022.02.16"]
[WhiteClock "0:00:20"]
[BlackClock "0:00:29"]

1. Nf3 c5 2. e4 e6 3. c3 Nf6 4. e5 Nd5 5. Bc4 d6 6. d4 cxd4 7. cxd4 Nb6 8. Bd3 dxe5 9. dxe5 Na6 10. O-O Nc5 11. Bc2 Qxd1 12. Rxd1 Nd5 13. a3 Bd7 14. b4 Na4 15. Bb3 Rc8 16. Nbd2 Nac3 17. Re1 Be7 18. Bb2 Na4 19. Bd4 b6 20. Ne4 O-O 21. Nd6 Rc7 22. Rac1 a5 23. b5 Nc5 24. Bxd5 exd5 25. a4 Rd8 26. h3 h6 27. Kh2 Be6 28. Rc2 Ra7 29. Bxc5 bxc5 30. Rxc5 Rxd6 31. exd6 Bxd6+ 32. g3 Bxc5 33. Rc1 Bxf2 34. Rc6 d4 35. b6 Rb7 36. Nd2 d3 37. Ne4 Rxb6 0-1


[Site "https://www.chess.com"]

[Event "Titled Tuesday Blitz February 15 Late 2022"]
[White "Przybylski, Wojciech"]
[Black "Iskusnyh, Sergei"]
[WhiteFideId "1117599"]
[BlackFideId "4120027"]
[WhiteElo "2133"]
[BlackElo "2492"]
[Result "1-0"]
[Round "09"]
[TimeControl "180+1"]
[Date "2022.02.15"]
[WhiteClock "0:00:06"]
[BlackClock "0:00:04"]

1. e4 e6 2. d4 d5 3. Nc3 Nf6 4. Bg5 dxe4 5. Nxe4 Nbd7 6. Nf3 h6 7. Nxf6+ Nxf6 8. Be3 Bd6 9. Bd3 b6 10. O-O O-O 11. c4 c5 12. h3 Bb7 13. dxc5 bxc5 14. Qe2 Qc7 15. Rfd1 Rfd8 16. Bc2 Rab8 17. Rab1 Ba8 18. Bd2 Bxf3 19. Qxf3 Be5 20. Bc3 Bxc3 21. Qxc3 Qf4 22. g3 Qc7 23. a3 a5 24. Rxd8+ Rxd8 25. b4 axb4 26. axb4 cxb4 27. Qxb4 g6 28. Rd1 Rxd1+ 29. Bxd1 Ne4 30. Bf3 Nc5 31. Qc3 Qd6 32. h4 Qd3 33. Qxd3 Nxd3 34. Be2 Nc5 35. f3 f5 36. Kf2 e5 37. Ke3 Kf7 38. f4 Kf6 39. Bf3 g5 40. hxg5+ hxg5 41. Bd5 Nb3 42. Bg8 Nc5 43. Bd5 Nd7 44. Bc6 Nb6 45. c5 Nc4+ 46. Kd3 Nb2+ 47. Kc3 Nd1+ 48. Kd2 Nf2 49. Ke3 Ng4+ 50. Kf3 e4+ 51. Bxe4 gxf4 52. gxf4 Nh2+ 53. Kg3 Nf1+ 54. Kf2 Nd2 55. Bd5 Nb1 56. Ke3 Nc3 57. Kd4 Ne2+ 58. Ke3 Nc3 59. Bc6 Ke6 60. Kd3 Nd1 61. Bb7 Nf2+ 62. Kd4 Nh3 63. Bc8+ Ke7 64. Ke3 1-0


[Site "https://www.chess.com"]

[Event "Titled Tuesday Blitz February 15 Late 2022"]
[White "Quirke, Jeffrey"]
[Black "Li, Hui"]
[WhiteFideId "2013029"]
[BlackFideId "15400310"]
[WhiteElo "2193"]
[BlackElo "1954"]
[Result "0-1"]
[Round "09"]
[TimeControl "180+1"]
[Date "2022.02.16"]
[WhiteClock "0:00:03"]
[BlackClock "0:00:06"]

1. c4 e6 2. Nc3 d5 3. d4 Nf6 4. cxd5 exd5 5. Bg5 c6 6. e3 Be7 7. Bd3 Nbd7 8. Nf3 O-O 9. Qc2 Re8 10. O-O-O Nf8 11. Ne5 Be6 12. Kb1 Rc8 13. f4 Ng4 14. Nxg4 Bxg4 15. Bxe7 Qxe7 16. Rde1 Bd7 17. h3 Qd6 18. g4 c5 19. Qf2 c4 20. Bc2 b5 21. Qf3 Bc6 22. e4 dxe4 23. Bxe4 Bxe4+ 24. Rxe4 b4 25. Ne2 Qd5 26. Ng3 Rxe4 27. Qxe4 Rd8 28. Rd1 g6 29. Qxd5 Rxd5 30. Ne2 Ne6 31. Kc2 Rd8 32. d5 Nc5 33. Rd4 b3+ 34. axb3 cxb3+ 35. Kc3 Nd7 36. Kxb3 Nb6 37. Nc3 Kf8 38. Kb4 Ke7 39. Kb5 Kd7 40. Ka6 Nc8 41. Nb5 Nd6 42. Nxd6 Kxd6 43. Kxa7 Re8 44. b4 Re2 45. b5 Ra2+ 46. Kb7 Ra3 47. b6 Rb3 48. h4 Kc5 49. d6 Rxb6+ 50. Kc7 Rc6+ 51. Kb7 Rb6+ 52. Kc7 Rc6+ 53. Kb7 Rxd6 54. Rxd6 Kxd6 55. Kc8 Kd5 56. Kd7 Ke4 57. Ke7 Kxf4 58. Kxf7 Kxg4 0-1


[Site "https://www.chess.com"]

[Event "Titled Tuesday Blitz February 15 Late 2022"]
[White "Ramirez, Alejandro"]
[Black "Degardin, Sylvain"]
[WhiteFideId "6500617"]
[BlackFideId "20623070"]
[WhiteElo "2694"]
[BlackElo "2156"]
[Result "1-0"]
[Round "09"]
[TimeControl "180+1"]
[Date "2022.02.15"]
[WhiteClock "0:00:47"]
[BlackClock "0:00:01"]

1. d4 Nf6 2. c4 g6 3. Nc3 d5 4. cxd5 Nxd5 5. e4 Nxc3 6. bxc3 Bg7 7. Be3 c5 8. Qd2 O-O 9. Rc1 e5 10. d5 Qd6 11. Bd3 f5 12. f3 f4 13. Bf2 Nd7 14. Ne2 Nf6 15. g4 fxg3 16. hxg3 Nh5 17. Qe3 b6 18. Bb5 Qf6 19. Ng1 Rf7 20. Be2 Bf8 21. Kf1 Bd6 22. Nh3 Bd7 23. Kg2 Raf8 24. Rcf1 Be7 25. Be1 Bd6 26. Qc1 Bxh3+ 27. Rxh3 Kg7 28. Bd2 Qe7 29. Bh6+ Kg8 30. Bxf8 Qxf8 31. Qg5 Qg7 32. f4 Be7 33. Qg4 exf4 34. gxf4 Qxc3 35. Rxc3 1-0


[Site "https://www.chess.com"]

[Event "Titled Tuesday Blitz February 15 Late 2022"]
[White "Rasulov, Vugar"]
[Black "Mekhitarian, Krikor Sevag"]
[WhiteFideId "13402390"]
[BlackFideId "2107660"]
[WhiteElo "2560"]
[BlackElo "2598"]
[Result "0-1"]
[Round "09"]
[TimeControl "180+1"]
[Date "2022.02.15"]
[WhiteClock "0:00:16"]
[BlackClock "0:00:02"]

1. d4 Nf6 2. c4 g6 3. Nc3 d5 4. Nf3 Bg7 5. Bg5 dxc4 6. e4 c5 7. d5 b5 8. e5 b4 9. exf6 exf6 10. Bd2 bxc3 11. Bxc3 O-O 12. Be2 Nd7 13. O-O Nb6 14. d6 Bb7 15. a4 Nd5 16. Bxc4 Qxd6 17. Qd2 Rad8 18. Rad1 Qb8 19. Qc2 Nxc3 20. Qxc3 f5 21. Qb3 Bxf3 22. Qxf3 Qxb2 23. h4 Qb4 24. Qe2 Qxa4 25. h5 Qc6 26. Rxd8 Rxd8 27. Qe7 Qd7 28. Qxc5 Bd4 29. Qa5 Kg7 30. Qd2 Qd6 31. h6+ Kf8 32. Qa2 Qc7 33. Rb1 Bb6 34. Rf1 Rd4 35. Be2 Rh4 36. Qa3+ Bc5 37. Qc3 Qh2# 0-1


[Site "https://www.chess.com"]

[Event "Titled Tuesday Blitz February 15 Late 2022"]
[White "Reprintsev, Alexander"]
[Black "Novikova, Galina"]
[WhiteFideId "14100541"]
[BlackFideId "4157095"]
[WhiteElo "2126"]
[BlackElo "1863"]
[Result "1-0"]
[Round "09"]
[TimeControl "180+1"]
[Date "2022.02.16"]
[WhiteClock "0:00:10"]
[BlackClock "0:00:28"]

1. e4 e6 2. Qe2 d5 3. exd5 Qxd5 4. Nc3 Qd8 5. Nf3 Nf6 6. d4 c6 7. Bd2 Be7 8. O-O-O b5 9. Ne5 a5 10. g4 O-O 11. Bg2 Qb6 12. Nxb5 Ba6 13. c4 cxb5 14. Bxa8 bxc4 15. Bc3 Bb4 16. g5 Nd5 17. Bxd5 exd5 18. f4 Bxc3 19. bxc3 Bc8 20. Qb2 Qd8 21. Qxb8 Qe7 22. Qb2 Bf5 23. Rhe1 Qc7 24. Kd2 Rb8 25. Qa3 f6 26. gxf6 gxf6 27. Rg1+ Kh8 28. Qc5 Qb7 29. Ke3 fxe5 30. fxe5 Qb2 31. Qe7 Qxc3+ 32. Kf4 Bg6 33. Qf6+ Kg8 34. Rxg6+ hxg6 35. Qxg6+ Kf8 36. Qd6+ Kf7 37. e6+ Kf6 38. e7+ Kf7 39. Qxb8 Kxe7 40. Qe5+ Kf7 41. Qxd5+ Kf6 42. Qe5+ Kf7 43. d5 Qh3 44. Qf5+ Qxf5+ 45. Kxf5 1-0


[Site "https://www.chess.com"]

[Event "Titled Tuesday Blitz February 15 Late 2022"]
[White "Romero Ruscalleda, Josep"]
[Black "Golubev, Mikhail"]
[WhiteFideId "2231859"]
[BlackFideId "14100983"]
[WhiteElo "2425"]
[BlackElo "2374"]
[Result "1-0"]
[Round "09"]
[TimeControl "180+1"]
[Date "2022.02.16"]
[WhiteClock "0:00:57"]
[BlackClock "0:00:01"]

1. e4 c5 2. c3 d5 3. exd5 Qxd5 4. d4 g6 5. Na3 Bg7 6. Be3 cxd4 7. Nb5 Na6 8. Qa4 Qd7 9. O-O-O dxe3 10. Rxd7 Bxd7 11. fxe3 Nf6 12. Nf3 O-O 13. Ne5 Bf5 14. Nd4 Nc5 15. Qa3 Rac8 16. Nxf5 gxf5 17. Be2 Nfe4 18. Nf3 Nxc3 19. bxc3 Ne4 20. c4 b5 21. Nd2 Nc3 22. Bf3 b4 23. Qb3 a5 24. Kc2 Rfd8 25. Nb1 a4 26. Qxb4 Nxa2 27. Qxa4 Rc7 28. Qxa2 e5 29. Rd1 Rb8 30. Bd5 e4 31. Nc3 h5 32. Rb1 Rd8 33. Qa5 Rdc8 34. Nb5 Rc5 35. Rd1 h4 36. Qa7 Kh8 37. Qxf7 Rxb5 1-0


[Site "https://www.chess.com"]

[Event "Titled Tuesday Blitz February 15 Late 2022"]
[White "Rosen, Eric"]
[Black "Petrosyan, Manuel"]
[WhiteFideId "2032562"]
[BlackFideId "13300857"]
[WhiteElo "2362"]
[BlackElo "2592"]
[Result "1-0"]
[Round "09"]
[TimeControl "180+1"]
[Date "2022.02.15"]
[WhiteClock "0:00:45"]
[BlackClock "0:00:01"]

1. d4 g6 2. e4 Bg7 3. Nf3 d6 4. Bc4 Nf6 5. Qe2 O-O 6. e5 dxe5 7. dxe5 Nd5 8. h3 Nb6 9. Bb3 Nc6 10. O-O Nd4 11. Nxd4 Qxd4 12. Re1 Bf5 13. Nd2 Qd7 14. Nf3 Be6 15. Bf4 Rad8 16. Ng5 Bxb3 17. axb3 e6 18. Ne4 a6 19. Nf6+ Bxf6 20. exf6 Rfe8 21. Be5 Qc6 22. Qe3 Kh8 23. Qh6 Rg8 24. Rad1 Rxd1 25. Rxd1 Nd7 26. h4 g5 27. hxg5 Qxc2 28. Rxd7 1-0


[Site "https://www.chess.com"]